 Dungeon Sprint DCSS version 0.22-a0-417-g1387785 (webtiles) character file.

1214 Mgcat the Fighter (level 8, -10/78 HPs)
             Began as a Demonspawn Fighter on May 14, 2018.
             Was a Believer of Makhleb.
             Mangled by a cyclops (24 damage)
             ... in the Dungeon (Sprint IX: "|||||||||||||||||||||||||||||").
             The game lasted 00:02:57 (504 turns).

Mgcat the Fighter (Demonspawn Fighter)               Turns: 504, Time: 00:02:58

Health: -10/78     AC: 11    Str: 18    XL:     8   Next: 22%
Magic:  2/8        EV:  7    Int: 13    God:    Makhleb [**....]
Gold:   0          SH:  9    Dex: 16    Spells: 7/7 levels left

rFire    . . .     SeeInvis .   v - +3 war axe (chop)
rCold    . . .     Gourm    .   c - +0 shield
rNeg     . . .     Faith    .   a - +1 scale mail
rPois    .         Spirit   .   (no helmet)
rElec    .         Reflect  .   q - +0 cloak
rCorr    .         Harm     .   r - +0 pair of gloves
MR       .....     NoTele   +   (no boots)
Stlth    ++........             (no amulet)
HPRegen  0.23/turn              t - +3 ring of dexterity
MPRegen  0.11/turn              s - +3 ring of intelligence

@: very slightly contaminated, invisible
A: talons 1, molten scales 1, nightstalker 2
a: Minor Destruction, Renounce Religion


You were in the Dungeon.
You worshipped Makhleb.
Makhleb was pleased with you.
You were not hungry.

You visited 1 branch

Inventory:

Hand Weapons
 u - a +4 quarterstaff of draining
   (You found it in the Dungeon)
 v - a +3 war axe of chopping (weapon)
   (You found it in the Dungeon)
Armour
 a - a +1 scale mail (worn)
   (You found it in the Dungeon)
 c - a +0 shield (worn)
 q - a +0 cloak (worn)
   (You found it in the Dungeon)
 r - a +0 pair of gloves (worn)
   (You found it in the Dungeon)
Magical Staves
 o - an uncursed staff of energy {+MP, hungerless spells, !d!a@w1}
   (You found it in the Dungeon)
Jewellery
 s - a +3 ring of intelligence (right hand)
   (You found it in the Dungeon)
 t - a +3 ring of dexterity (left hand)
   (You found it in the Dungeon)
Wands
 p - a wand of iceblast (10)
   (You found it in the Dungeon)
Scrolls
 k - 2 scrolls of blinking {!r}
 m - 3 scrolls of remove curse
 n - 2 scrolls of amnesia
Potions
 d - a potion of might
 h - a potion of haste
 i - 4 potions of magic
 j - a potion of berserk rage {!q}
 l - 4 potions of curing
Comestibles
 b - a chunk of flesh {@w0}
 f - a ration


   Skills:
 + Level 12.9 Fighting
 + Level 11.8 Axes
 - Level 2.6 Armour
 - Level 2.6 Shields


You had 7 spell levels left.
You didn't know any spells.
Your spell library was empty.

Dungeon Overview and Level Annotations

Branches:
Dungeon (1/1)

Altars:
Cheibriados
Dithmenos
Elyvilon
Fedhas
Gozag
Hepliaklqana
Kikubaaqudgha
Makhleb
Nemelex Xobeh
Okawaru
Qazlal
Ru
Sif Muna
Trog
Uskayaw
Vehumet
Wu Jian
Xom
Yredelemnul
Zin
The Shining One
Beogh
Jiyva
Lugonu


Innate Abilities, Weirdness & Mutations

You have sharp toenails.
You are partially covered in molten scales. (AC +2)
You are significantly more attuned to the shadows.


Message History

The cyclops shouts!
The eye of draining gazes at you.
You feel your power leaking away.
There is an open door here.
You slash the eye of draining!
The eye of draining is lightly wounded.
You hit the eye of draining.
The eye of draining is moderately wounded.
You slash the eye of draining!
The eye of draining is severely wounded.
You hit the eye of draining.
You claw the eye of draining, but do no damage.
The eye of draining is severely wounded.
You slash the eye of draining! Your kick misses the eye of draining.
The eye of draining is almost dead.
You hit the eye of draining.
You kill the eye of draining!
Makhleb accepts your kill.
Your Fighting skill increases to level 11!
Your Axes skill increases to level 10!
You have reached level 7!
Your demonic ancestry asserts itself...
You slip further into the darkness.
The hornet closely misses you.
Your shield prevents you from hitting the hornet.
You claw the hornet, but do no damage. You block the hornet's attack.
You closely miss the hornet. You claw the hornet, but do no damage.
The hornet stings you but does no damage.
The hornet stings you.
You suddenly lose the ability to move!
You can move again.
You slash the hornet! You claw the hornet.
The hornet is severely wounded.
The hornet stings you but does no damage.
The hornet stings you!
You feel yourself slow down.
You completely miss the hornet. Your kick misses the hornet.
The hornet is severely wounded.
You feel yourself speed up. You block the hornet's attack. x2
You slash the hornet!
You kill the hornet!
Makhleb accepts your kill.
You feel better.
Your Fighting skill increases to level 12!
The two-headed ogre closely misses you. x2
You hit the two-headed ogre.
The two-headed ogre is lightly wounded.
You barely miss the two-headed ogre. You claw the two-headed ogre.
The two-headed ogre is lightly wounded.
You block the two-headed ogre's attack.
The two-headed ogre hits you with a giant club!!
You are too injured to fight recklessly!
You are too injured to fight recklessly!
You are too injured to fight recklessly!
You are too injured to fight recklessly!
You are too injured to fight recklessly!
You are too injured to fight recklessly!
Okay, then.
You fade into invisibility!
You block the two-headed ogre's attack. The two-headed ogre closely misses you.
The cyclops throws a large rock.
The large rock barely misses the two-headed ogre.
The large rock hits you!!
* * * LOW HITPOINT WARNING * * *
You are very lightly contaminated with residual magic.
You strike the helpless two-headed ogre from behind!
You slash the two-headed ogre!
The two-headed ogre is moderately wounded.
You block the two-headed ogre's attack.
The two-headed ogre hits you with a giant club.
* * * LOW HITPOINT WARNING * * *
You feel much better.
You closely miss the two-headed ogre. You claw the two-headed ogre.
The two-headed ogre is moderately wounded.
The two-headed ogre shouts in stereo!
You slash the two-headed ogre! You claw the two-headed ogre.
The two-headed ogre is severely wounded.
You block the two-headed ogre's attack.
The two-headed ogre hits you with a giant club!
The cyclops throws a large rock.
The large rock hits the two-headed ogre!!
The two-headed ogre dies!
Your Axes skill increases to level 11!
You have reached level 8!
You feel agile.
Items here: ( )) † a large rock {!d}; a giant spiked club; a giant club; a two-headed ogre corpse You hit the cyclops but do no damage.
You claw the cyclops, but do no damage. You block the cyclops's attack.
You hit the cyclops. You claw the cyclops.
The cyclops is lightly wounded.
The cyclops hits you!!
* * * LOW HITPOINT WARNING * * *
You catch the helpless cyclops completely off-guard!
You hit the cyclops but do no damage. You claw the cyclops.
The cyclops is lightly wounded.
You catch the helpless cyclops completely off-guard!
You slash the cyclops! Your kick misses the cyclops.
The cyclops is heavily wounded.
The cyclops hits you!!
You die...

▓'▓
▓)▓
▓)▓
▓.▓
▓.▓
▓.▓
▓.▓
▓(▓
▓@▓
▓C▓
▓a▓
▓Z▓
▓.▓
▓.▓


You could see a cyclops, a worker ant and a jackal skeleton.

Vanquished Creatures
  A hornet (D)
  2 orc warriors (D)
  An eye of draining (D)
  A centaur (D)
  A scorpion (D)
  A wight (D)
  A hound (D)
  A jelly (D)
  An orc wizard (D)
  A worker ant (D)
  A gnoll (D)
  A leopard gecko (D)
  An orc (D)
  A frilled lizard (D)
  A kobold (D)
  2 rats (D)
18 creatures vanquished.

Vanquished Creatures (others)
  A two-headed ogre (D)
1 creature vanquished.

Grand Total: 19 creatures vanquished

Notes
Turn   | Place    | Note
-------+----------+-------------------------------------------
     0 | D        | Mgcat the Demonspawn Fighter began the quest for the Orb.
     0 | D        | Reached XP level 1. HP: 18/18 MP: 1/1
     6 | D        | Reached skill level 2 in Axes
    21 | D        | Noticed a hound
    21 | D        | Noticed a worker ant
    21 | D        | Noticed a jelly
    21 | D        | Noticed a scorpion
    31 | D        | Killed a hound
    31 | D        | Reached skill level 5 in Fighting
    31 | D        | Reached skill level 4 in Axes
    31 | D        | Gained mutation: You are partially covered in molten scales. (AC +2) [demonic ancestry]
    31 | D        | Reached XP level 2. HP: 17/27 MP: 2/2
    31 | D        | Gained mutation: You are slightly more attuned to the shadows. [demonic ancestry]
    31 | D        | Reached XP level 3. HP: 21/33 MP: 3/3
    44 | D        | HP: 7/34 [worker ant (4)]
    50 | D        | Reached skill level 6 in Fighting
    50 | D        | Reached skill level 5 in Axes
    50 | D        | Gained mutation: You have sharp toenails. [demonic ancestry]
    50 | D        | Reached XP level 4. HP: 39/41 MP: 4/4
    52 | D        | Reached skill level 7 in Fighting
    52 | D        | Reached skill level 6 in Axes
    61 | D        | Reached XP level 5. HP: 23/49 MP: 5/5
   221 | D        | Found a roughly hewn altar of Beogh.
   221 | D        | Found a snail-covered altar of Cheibriados.
   221 | D        | Found a shadowy altar of Dithmenos.
   221 | D        | Found a white marble altar of Elyvilon.
   221 | D        | Found a blossoming altar of Fedhas.
   222 | D        | Found an opulent altar of Gozag.
   223 | D        | Found a hazy altar of Hepliaklqana.
   224 | D        | Found a viscous altar of Jiyva.
   225 | D        | Found an ancient bone altar of Kikubaaqudgha.
   226 | D        | Found a corrupted altar of Lugonu.
   227 | D        | Found a burning altar of Makhleb.
   228 | D        | Found a sparkling altar of Nemelex Xobeh.
   229 | D        | Found an iron altar of Okawaru.
   230 | D        | Found a stormy altar of Qazlal.
   231 | D        | Found a sacrificial altar of Ru.
   232 | D        | Found a deep blue altar of Sif Muna.
   233 | D        | Found a bloodstained altar of Trog.
   234 | D        | Found a hide-covered altar of Uskayaw.
   237 | D        | Found a radiant altar of Vehumet.
   238 | D        | Found an ornate altar of the Wu Jian Council.
   243 | D        | Found a shimmering altar of Xom.
   244 | D        | Found a basalt altar of Yredelemnul.
   245 | D        | Found a glowing silver altar of Zin.
   246 | D        | Found a glowing golden altar of the Shining One.
   270 | D        | Became a worshipper of Makhleb the Destroyer
   345 | D        | Noticed a centaur
   345 | D        | Noticed an orc warrior
   346 | D        | Noticed an orc warrior
   350 | D        | Killed a centaur
   350 | D        | Reached skill level 8 in Fighting
   350 | D        | Reached skill level 7 in Axes
   353 | D        | Reached skill level 9 in Fighting
   353 | D        | Reached skill level 8 in Axes
   362 | D        | HP: 10/52 [orc warrior/trident (5)]
   370 | D        | Killed an orc warrior
   370 | D        | Reached * piety under Makhleb
   370 | D        | Reached skill level 10 in Fighting
   370 | D        | Reached skill level 9 in Axes
   370 | D        | Reached XP level 6. HP: 39/60 MP: 6/6
   374 | D        | Killed an orc warrior
   377 | D        | Reached ** piety under Makhleb
   480 | D        | Noticed a hornet
   480 | D        | Noticed a two-headed ogre
   481 | D        | Noticed a cyclops
   487 | D        | Reached skill level 11 in Fighting
   487 | D        | Reached skill level 10 in Axes
   487 | D        | Gained mutation: You are significantly more attuned to the shadows. [demonic ancestry]
   487 | D        | Reached XP level 7. HP: 68/68 MP: 0/7
   489 | D        | Paralysed by a hornet for 1 turns
   492 | D        | Killed a hornet
   492 | D        | Reached skill level 12 in Fighting
   495 | D        | HP: 16/70 [cyclops/large rock (27)]
   499 | D        | Killed a two-headed ogre
   499 | D        | Reached skill level 11 in Axes
   499 | D        | Reached XP level 8. HP: 31/78 MP: 1/8
   502 | D        | HP: 14/78 [cyclops (18)]
   504 | D        | Mangled by a cyclops

Vault maps used:
D:        linesprint

Skill      XL: |  1  2  3  4  5  6  7 |
---------------+----------------------+-----
Axes           | 4 5 6 9 10 11 | 11.8
Fighting       | 5 6 7 10 11 12 | 12.9
Armour         | |  2.6
Shields        | |  2.6

Action                   |  1- 3 |  4- 6 |  7- 9 || total
-------------------------+-------+-------+-------++-------
Melee: War axe           |    37 |    46 |    14 ||    97
       Kick              |       |    12 |     9 ||    21
  Use: Potion            |     2 |     1 |     2 ||     5
 Stab: Invisible         |       |       |     3 ||     3
Armor: Scale mail        |    20 |     9 |     2 ||    31
Dodge: Dodged            |     8 |     7 |     4 ||    19
Block: Shield            |    19 |    17 |     8 ||    44

Table legend:
 A = Spawn XP
 B = Non-spawn XP
 C = Spawn XP percentage of total XP
 D = Spawn monster count
 E = Non-spawn monster count
 F = Spawn count percentage of total count
 G = Total turns spent on level
                    A         B        C        D         E        F      G
               +---------+---------+-------+---------+---------+-------+---------
         Total |       0 |    1735 |   0.0 |       0 |      19 |   0.0 |   504
               +---------+---------+-------+---------+---------+-------+---------
             D |       0 |    1735 |   0.0 |       0 |      19 |   0.0 |   504
               +---------+---------+-------+---------+---------+-------+---------

Vault maps used:
D:        linesprint

Table legend:
 A = Turns spent in this place as a percentage of turns spent in the entire game.
 B = Non-inter-level travel turns spent in this place as a percentage of non-inter-level travel turns spent in the entire game.
 C = Inter-level travel turns spent in this place as a percentage of turns spent in this place.
 D = Turns resting spent in this place as a percentage of non-inter-level travel turns spent in this place.
 E = Turns spent auto-exploring this place as a percentage of non-inter-level travel turns spent in this place.
 F = Non-inter-level travel turns spent in this place divided by the number of levels of this place that you've seen.
                   A       B       C       D       E      F
               +-------+-------+-------+-------+-------+----------------------
         Total | 100.0 | 100.0 |   0.0 |  47.8 |   3.0 | 504.0
       Dungeon | 100.0 | 100.0 |   0.0 |  47.8 |   3.0 | 504.0
               +-------+-------+-------+-------+-------+----------------------

Table legend:
 A = Kills in this place as a percentage of kills in entire the game.
 B = Kills by you in this place as a percentage of kills by you in the entire game.
 C = Kills by friends in this place as a percentage of kills by friends in the entire game.
 D = Other kills in this place as a percentage of other kills in the entire game.
 E = Experience gained in this place as a percentage of experience gained in the entire game.
 F = Experience gained in this place divided by the number of levels of this place that you have seen.
                   A       B       C       D       E      F
               +-------+-------+-------+-------+-------+----------------------
         Total | 100.0 | 100.0 |   N/A | 100.0 | 100.0 | 1735.0
       Dungeon | 100.0 | 100.0 |   N/A | 100.0 | 100.0 | 1735.0
               +-------+-------+-------+-------+-------+----------------------
